 Dungeon Crawl Stone Soup version 0.26-a0-597-gb535b0901c (webtiles) character file.

Game seed: 13582232713180188187

(classic levelgen) 191691 EnegeticOcto the Severer (level 17, -4/243 HPs)
             Began as a Deep Dwarf Fighter on Aug 28, 2020.
             Was a High Priest of Makhleb.
             Slain by an azure jelly (8 damage)
             ... created by the Royal Jelly
             ... on level 5 of the Pits of Slime.
             The game lasted 00:16:59 (15325 turns).

EnegeticOcto the Severer (Deep Dwarf Fighter)      Turns: 15325, Time: 00:17:00

Health: -4/243     AC:  5    Str: 27    XL:     17   Next: 24%
Magic:  0/0        EV: 10    Int:  9    God:    Makhleb [*****.]
Gold:   927        SH:  9    Dex: 12    Spells: 16/16 levels left

rFire    + . .     SeeInvis .   D - +3 war axe (elec)
rCold    + + +     Faith    .   H - +2 buckler of Covej {MR+ rCorr}
rNeg     + . .     Spirit   .   J - +2 plate armour {rC+}
rPois    .         Reflect  .   i - +2 hat
rElec    .         Harm     .   P - scarf {rC+ rF+}
rCorr    +                      p - +1 pair of gloves
MR       +++..                  o - +2 pair of boots
Stlth    ..........             j - amulet of the acrobat
HPRegen  0.00/turn              t - +4 ring of protection
MPRegen  0.07/turn              w - ring of protection from cold

@: berserking, corroded, non-regenerating, very quick
A: damage resistance, heal wounds, low mp 1, negative energy resistance 1, sense
surroundings 2, no regeneration
}: 2/15 runes: decaying, gossamer
a: Heal Wounds, Minor Destruction, Lesser Servant of Makhleb, Major Destruction,
Greater Servant of Makhleb, Renounce Religion


You were on level 5 of the Pits of Slime.
You worshipped Makhleb.
Makhleb was extremely pleased with you.
You visited 6 branches of the dungeon, and saw 32 of its levels.
You also visited: Bailey.

You collected 1245 gold pieces.
You spent 318 gold pieces at shops.

Inventory:

Hand Weapons
 a - a +0 broad axe
 D - a +3 war axe of electrocution (weapon)
Armour
 f - a +2 kite shield
 i - a +2 hat (worn)
 o - a +2 pair of boots (worn)
 p - a +1 pair of gloves (worn)
 H - the +2 buckler of Covej (worn) {MR+ rCorr}
   (You acquired it on level 12 of the Dungeon)

   It affects your resistance to hostile enchantments.
   It provides partial protection from all sources of acid and corrosion.
 J - a +2 plate armour of cold resistance (worn)
 P - a scarf of resistance (worn)
Jewellery
 j - an amulet of the acrobat (around neck)
 t - a +4 ring of protection (left hand)
 w - a ring of protection from cold (right hand)
Wands
 c - a wand of iceblast (22) {@v2}
 n - a wand of disintegration (17)
 y - a wand of digging (5) {@v3}
 A - a wand of paralysis (10)
 B - a wand of acid (12) {@v1}
 L - a wand of polymorph (29)
Scrolls
 g - 3 scrolls of fear
 h - 8 scrolls of teleportation {@r3}
 k - 6 scrolls of remove curse {@r2}
 m - 3 scrolls of identify {@r1}
 s - 2 scrolls of fog
 G - 3 scrolls of blinking
 Q - a scroll of silence
Potions
 b - a potion of haste {@q4}
 d - 2 potions of might {@q3}
 e - 7 potions of heal wounds {@q2}
 q - 2 potions of magic
 r - 6 potions of lignification {@q7}
 v - 2 potions of stabbing {@q5}
 x - 2 potions of ambrosia
 C - a potion of flight
 F - 2 potions of resistance {@q6}
 I - a potion of mutation
 N - a potion of invisibility
Miscellaneous
 u - a box of beasts (1/3)
 M - a phantom mirror (inert)


   Skills:
 * Level 12.6 Fighting
 - Level 18.0 Axes
 + Level 12.8 Armour
 + Level 5.1 Dodging
 + Level 12.8 Shields
 + Level 13.8 Invocations
 + Level 8.7 Evocations


You had 16 spell levels left.
You didn't know any spells.
Your spell library was empty.

Dungeon Overview and Level Annotations

Branches:
Dungeon (12/15)            Temple (1/1) D:5            Lair (6/6) D:9
  Swamp (4/4) Lair:3       Spider (4/4) Lair:4        Slime (5/5) Lair:6
    Orc (0/2) D:12         Bailey (visited)

Altars:
Ashenzari
Cheibriados
Elyvilon
Fedhas
Gozag
Makhleb
Nemelex Xobeh
Okawaru
Ru
Sif Muna
Uskayaw
Vehumet
Yredelemnul
Zin
The Shining One
Jiyva

Shops:
D:5 !   D:7 [   D:11 (   D:12 =

Annotations:
D:9 1 runed translucent door
Lair:3 1 exclusion
Lair:5 exclusion: oklob plant
Lair:6 1 runed translucent door, exclusion: 4 oklob plants
Slime:5 Royal Jelly


Innate Abilities, Weirdness & Mutations

You are resistant to damage.
You can heal yourself by infusing magical energy.
You resist negative energy. (rN+)
You passively map the area around you.
You do not regenerate.
Your magical capacity is low. (-10% MP)


Message History

You slash the azure jelly!
Flame seeps out of the azure jelly.
You are engulfed in blazing flames.
You resist.
* * * LOW HITPOINT WARNING * * *
The acid blob is engulfed in blazing flames.
An azure jelly comes into view.
Your Royal Jelly is engulfed in blazing flames.
Flame seeps out of your Royal Jelly.
Your Royal Jelly hits the acid blob!!
Flame seeps out of the acid blob.
Your Royal Jelly hits the acid blob.
Flame seeps out of the acid blob.
You hit the acid blob.
The acid blob explodes!
The fiery explosion engulfs your Royal Jelly!!
Flame seeps out of your Royal Jelly.
Your Royal Jelly is severely wounded.
The fiery explosion engulfs the Royal Jelly!!
Flame seeps out of the Royal Jelly.
The Royal Jelly is heavily wounded.
The fiery explosion engulfs you!! You resist.
* * * LOW HITPOINT WARNING * * *
The fiery explosion engulfs the azure jelly!!!
The azure jelly is burned terribly!
The azure jelly explodes!
The fiery explosion engulfs the acid blob!!
The acid blob is almost dead.
The fiery explosion engulfs you! You resist.
* * * LOW HITPOINT WARNING * * *
You hit the acid blob but do no damage.
Lightning courses through the acid blob!
Your hands burn!
The Royal Jelly shudders vigorously.
The Royal Jelly spits out two more jellies.
Your Royal Jelly shimmers and vanishes!
You are engulfed in blazing flames.
You resist.
* * * LOW HITPOINT WARNING * * *
The acid blob is engulfed in blazing flames.
You kill the acid blob!
That felt strangely unrewarding.
You barely miss the azure jelly. You hit the acid blob but do no damage.
Lightning courses through the acid blob!
Your hands burn!
You are engulfed in blazing flames.
You resist.
You slash the azure jelly!
The azure jelly is lightly wounded.
You slash the acid blob!
Lightning courses through the acid blob!
Your hands burn!
* * * LOW HITPOINT WARNING * * *
You are engulfed in blazing flames.
You resist.
* * * LOW HITPOINT WARNING * * *
The acid blob is engulfed in blazing flames.
The acid blob spits acid at you. The splash of acid hits you. You resist.
* * * LOW HITPOINT WARNING * * *
The acid corrodes you!
You are splashed with acid!
You resist.
* * * LOW HITPOINT WARNING * * *
The azure jelly is engulfed in blazing flames.
The azure jelly barely misses you. The azure jelly hits you!
* * * LOW HITPOINT WARNING * * *
The azure jelly freezes you! You resist.
* * * LOW HITPOINT WARNING * * *
The azure jelly hits you.
* * * LOW HITPOINT WARNING * * *
The azure jelly barely misses you.
You hit the azure jelly but do no damage.
The azure jelly is moderately wounded.
You hit the acid blob but do no damage.
Lightning courses through the acid blob!!
Your hands burn!
* * * LOW HITPOINT WARNING * * *
You are engulfed in blazing flames.
You resist.
* * * LOW HITPOINT WARNING * * *
You slash the azure jelly!
The azure jelly is heavily wounded.
You slash the acid blob!
Lightning courses through the acid blob!
Your hands burn!
You are engulfed in blazing flames.
You resist.
* * * LOW HITPOINT WARNING * * *
The azure jelly is engulfed in blazing flames.
The azure jelly misses you. You block the azure jelly's attack.
The azure jelly hits you. The azure jelly closely misses you.
The acid blob is engulfed in blazing flames.
You block the acid blob's attack.
The acid blob is engulfed in blazing flames.
You hit the azure jelly but do no damage.
The azure jelly is heavily wounded.
You slash the acid blob!
You kill the acid blob!
That felt strangely unrewarding.
You are engulfed in blazing flames.
You resist.
* * * LOW HITPOINT WARNING * * *
The Royal Jelly is engulfed in blazing flames.
Flame seeps out of the Royal Jelly.
You barely miss the azure jelly.
The azure jelly is heavily wounded.
You are engulfed in blazing flames.
You resist.
* * * LOW HITPOINT WARNING * * *
The azure jelly hits you. The azure jelly freezes you. You resist.
* * * LOW HITPOINT WARNING * * *
You block the azure jelly's attack. The azure jelly hits you.
* * * LOW HITPOINT WARNING * * *
The azure jelly hits you!
You die...

, , , ,,, , , .........
##(?$*.##
..^......##!)(##..##( * ,
,........##?)}|$##.#(|, ,
* , ........#*$/)|##..##$
, ,^ ........# [!#|#.##)#
** ,........########..###
** ,
........#.JJ#..§.....* ,,
,
.............#JJ@#._..#.,
* ,
...........########..###
...........# #?$#}#.##[#
,
...........##?)[?##..##"
,, ,,
...........##([$}!##.#(:
* ,,
............##/[(##..##?,
, ............,##)$! .##
, ...§........ ,##=# .. *
............ * * , *


You could see the Royal Jelly (inner flame), an acid blob and 2 azure jellies.

Vanquished Creatures
  Rupert (Lair:5)
  Gastronok (Lair:2)
  11 acid blobs
  2 azure jellies (Slime:5)
  Louise (Swamp:2)
  An emperor scorpion (Spider:4)
  A very ugly thing (Swamp:4)
  A spark wasp (Spider:4)
  Snorg (Lair:5)
  2 death oozes
  Fannar (Lair:3)
  8 hydras
  4 great orbs of eyes
  A catoblepas (Lair:6)
  A two-headed ogre (D:12)
  A ghost crab (Swamp:4)
  An alligator (Swamp:1)
  10 death yaks
  Urug (Lair:5)
  2 unseen horrors
  3 swamp dragons (Swamp:4)
  2 deep elf magi (D:12)
  9 wolf spiders
  A moth of wrath (Spider:4)
  4 orb spiders
  A shining eye (Slime:5)
  4 elephants (Lair:6)
  3 black mambas
  3 torpor snails
  2 eyes of devastation
  A gargoyle (D:10)
  17 cane toads
  3 rime drakes
  5 komodo dragons
  A troll (D:12)
  9 jumping spiders
  2 polar bears
  2 tyrant leeches
  4 hornets
  18 slime creatures
  3 bog bodies
  9 hippogriffs
  26 blink frogs
  11 redbacks
  A spriggan (Swamp:4)
  60 yaks
  A shadow (D:12)
  A wraith (D:12)
  11 tarantellas
  5 wyverns
  A basilisk (Lair:6)
  A steam dragon (D:11)
  6 swamp worms
  7 water moccasins
  An acid dragon (D:11)
  4 porcupines
  2 ice beasts
  19 orc warriors
  5 swamp drakes
  A black bear (D:9)
  7 ogres
  3 eyes of draining
  4 sky beasts
  11 wolves
  4 centaurs
  11 crocodiles
  10 big kobolds
  Blork the orc (D:6)
  12 bullfrogs
  2 gnoll sergeants
  A water moccasin zombie (D:11)
  2 scorpions
  11 wights
  6 howler monkeys
  A bullfrog zombie (D:12)
  3 hounds
  4 orc priests
  Crazy Yiuf (D:4)
  2 jellies
  3 centaur skeletons
  6 orc wizards
  3 bullfrog skeletons
  5 iguanas
  8 worker ants
  A hell rat (Lair:6)
  28 gnolls
  A worker ant zombie (D:10)
  5 adders
  A shadow imp (D:10)
  3 white imps (D:11)
  2 worker ant simulacra (D:11)
  3 ufetubi
  An ooze (D:4)
  An adder zombie (D:8)
  3 adder skeletons
  4 leopard geckos
  42 orcs
  3 giant cockroaches
  25 goblins
  20 hobgoblins
  17 jackals
  3 kobolds (D:12)
  4 quokkas
  2 bats
  A giant cockroach zombie (D:5)
  A quokka skeleton (D:8)
  4 rats
  2 briar patches (Swamp:4)
619 creatures vanquished.

Vanquished Creatures (collateral kills)
  the Lernaean hydra (Swamp:4)
  3 acid blobs (Slime:5)
  2 thorn hunters (Swamp:4)
  An orc warlord (Bailey)
  3 emperor scorpions (Spider:4)
  3 ghost moths (Spider:4)
  An entropy weaver (Spider:4)
  A spark wasp (Spider:4)
  2 death oozes (Slime:5)
  2 great orbs of eyes (Slime:5)
  6 hydras
  3 alligators (Swamp:4)
  7 swamp dragons (Swamp:4)
  2 orb spiders (Spider:4)
  An orc knight (Bailey)
  4 wolf spiders (Spider:4)
  An elephant (Lair:6)
  A demonic crawler (Spider:2)
  4 jumping spiders
  A hornet (Spider:4)
  4 slime creatures
  4 tarantellas
  6 redbacks
  A yak (Lair:6)
  A basilisk (Lair:6)
  A swamp worm (Swamp:4)
  A water moccasin (Lair:6)
  An orc warrior (Bailey)
  5 swamp drakes
  An electric eel (Spider:4)
  An orc (Bailey)
  A goblin (Bailey)
  2 hobgoblins (Bailey)
  A briar patch (Swamp:4)
79 creatures vanquished.

Vanquished Creatures (others)
  A demonic crawler (Spider:3)
  A swamp drake (Swamp:4)
  8 briar patches (Swamp:4)
  33 fungi
  26 plants
69 creatures vanquished.

Grand Total: 767 creatures vanquished

Notes
Turn   | Place    | Note
-------+----------+-------------------------------------------
     0 | D:1      | EnegeticOcto the Deep Dwarf Fighter began the quest for the
                  | Orb.
     0 | D:1      | Reached XP level 1. HP: 20/20 MP: 1/1
   154 | D:1      | Reached XP level 2. HP: 20/27 MP: 2/2
   342 | D:3      | Reached skill level 3 in Axes
   342 | D:3      | Reached XP level 3. HP: 28/33 MP: 3/3
   650 | D:4      | Reached XP level 4. HP: 32/42 MP: 4/4
   683 | D:4      | Found a runed translucent door.
   684 | D:4      | Noticed Crazy Yiuf
   774 | D:4      | Reached skill level 4 in Axes
   776 | D:4      | Reached XP level 5. HP: 31/49 MP: 5/5
  1125 | D:4      | Killed Crazy Yiuf
  1157 | D:5      | Entered Level 5 of the Dungeon
  1247 | D:5      | Found a glowing silver altar of Zin.
  1275 | D:5      | Noticed a sky beast
  1309 | D:5      | Killed a sky beast
  1309 | D:5      | Reached XP level 6. HP: 33/57 MP: 6/6
  1322 | D:5      | Reached skill level 5 in Axes
  1579 | D:5      | Found a white marble altar of Elyvilon.
  1579 | D:5      | Found a radiant altar of Vehumet.
  1687 | D:5      | Reached XP level 7. HP: 35/64 MP: 7/7
  1708 | D:5      | Reached skill level 5 in Armour
  1708 | D:5      | Reached skill level 5 in Shields
  1714 | D:5      | Found Tonaokaop's Distillery.
  1717 | D:5      | Bought a potion of haste for 130 gold pieces
  2014 | D:5      | Found a staircase to the Ecumenical Temple.
  2123 | Temple   | Entered the Ecumenical Temple
  2171 | Temple   | Became a worshipper of Makhleb the Destroyer
  2313 | D:6      | Reached skill level 6 in Axes
  2313 | D:6      | Reached skill level 1 in Invocations
  2942 | D:6      | Noticed Blork the orc
  2952 | D:6      | Killed Blork the orc
  3043 | D:6      | Reached XP level 8. HP: 35/73 MP: 6/6
  3300 | D:7      | Reached * piety under Makhleb
  3355 | D:7      | Found Uddent's Armour Boutique.
  3384 | D:7      | Reached skill level 7 in Axes
  3869 | D:7      | Reached skill level 5 in Fighting
  3909 | D:7      | Found a white marble altar of Elyvilon.
  3967 | D:7      | Reached skill level 8 in Axes
  4243 | D:8      | Gained mutation: You passively map the area around you.
                  | [Deep Dwarf growth]
  4243 | D:8      | Reached XP level 9. HP: 81/81 MP: 8/8
  4249 | D:8      | Reached ** piety under Makhleb
  4672 | D:8      | Reached skill level 5 in Invocations
  4689 | D:8      | Reached skill level 9 in Axes
  4888 | D:8      | Found a shattered altar of Ashenzari.
  4891 | D:8      | Found a sparkling altar of Nemelex Xobeh.
  5407 | D:9      | Found a runed translucent door.
  5410 | D:9      | Found a basalt altar of Yredelemnul.
  5447 | D:9      | Reached XP level 10. HP: 91/91 MP: 10/10
  5710 | D:9      | Found a staircase to the Lair.
  6052 | D:9      | Found an iron altar of Okawaru.
  6125 | D:10     | Entered Level 10 of the Dungeon
  6133 | D:10     | Reached *** piety under Makhleb
  6188 | D:10     | Reached skill level 10 in Axes
  6201 | D:10     | Noticed a gargoyle
  6252 | D:10     | Killed a gargoyle
  7183 | D:11     | Noticed a death yak
  7227 | D:11     | Killed a death yak
  7243 | D:11     | Reached skill level 11 in Axes
  7361 | D:11     | Reached XP level 11. HP: 100/100 MP: 8/10
  7366 | D:11     | Killed an unseen horror
  7424 | D:11     | Found Esicav's Antique Weapon Shop.
  7430 | D:11     | Bought a glowing war axe for 188 gold pieces
  7787 | D:12     | Noticed a four-headed hydra
  7789 | D:12     | Found a flagged portal.
  7795 | D:12     | Killed a four-headed hydra
  7808 | D:12     | Reached **** piety under Makhleb
  7816 | Bailey   | Entered a bailey
  7950 | Bailey   | Noticed an orc warlord
  7950 | Bailey   | Noticed an orc knight
  7963 | Bailey   | Killed an orc knight
  7978 | Bailey   | Killed an orc warlord
  8184 | D:12     | Identified a scroll of acquirement
  8184 | D:12     | Acquired the +2 buckler of Covej {MR+ rCorr}
  8199 | D:12     | Noticed a two-headed ogre
  8208 | D:12     | Killed a two-headed ogre
  8208 | D:12     | Reached skill level 12 in Axes
  8228 | D:12     | Reached ***** piety under Makhleb
  8369 | D:12     | Killed an unseen horror
  8409 | D:12     | Noticed a deep elf mage
  8420 | D:12     | Killed a deep elf mage
  8569 | D:12     | Found Olaogac's Jewellery Shoppe.
  8676 | D:12     | Noticed a deep elf mage
  8694 | D:12     | Killed a deep elf mage
  8694 | D:12     | Reached XP level 12. HP: 97/110 MP: 10/10
  8845 | D:12     | Found a staircase to the Orcish Mines.
  9055 | D:12     | Reached skill level 15 in Axes
  9055 | D:12     | Reached XP level 13. HP: 117/117 MP: 11/11
  9121 | Lair:1   | Entered Level 1 of the Lair of Beasts
  9167 | Lair:2   | Reached skill level 10 in Invocations
  9273 | Lair:2   | Noticed Gastronok
  9292 | Lair:2   | Killed Gastronok
  9292 | Lair:2   | Reached skill level 10 in Armour
  9292 | Lair:2   | Reached skill level 10 in Shields
  9994 | Lair:3   | Found a staircase to the Swamp.
  9999 | Lair:3   | Found a blossoming altar of Fedhas.
 10140 | Lair:3   | Noticed Fannar
 10155 | Lair:3   | Killed Fannar
 10191 | Lair:3   | Reached ****** piety under Makhleb
 10645 | Lair:4   | Found a hole to the Spider Nest.
 11239 | Lair:5   | Noticed Urug
 11256 | Lair:5   | Killed Urug
 11260 | Lair:5   | Reached skill level 16 in Axes
 11389 | Lair:5   | Gained mutation: You resist negative energy. (rN+) [Deep
                  | Dwarf growth]
 11389 | Lair:5   | Reached XP level 14. HP: 129/129 MP: 13/13
 11438 | Lair:5   | Noticed Rupert
 11463 | Lair:5   | Killed Rupert
 11463 | Lair:5   | Reached skill level 1 in Evocations
 11553 | Lair:5   | Noticed Snorg
 11566 | Lair:5   | Killed Snorg
 12124 | Lair:6   | Entered Level 6 of the Lair of Beasts
 12124 | Lair:6   | Found a staircase to the Slime Pits.
 12540 | Lair:6   | Reached skill level 17 in Axes
 12650 | Lair:6   | Reached skill level 5 in Evocations
 12785 | Lair:6   | Reached skill level 10 in Fighting
 12814 | Lair:6   | Found a runed translucent door.
 12907 | Spider:1 | Entered Level 1 of the Spider Nest
 12944 | Spider:1 | Reached XP level 15. HP: 138/138 MP: 15/15
 12991 | Spider:2 | Reached XP level 16. HP: 127/150 MP: 16/16
 13084 | Spider:4 | Entered Level 4 of the Spider Nest
 13115 | Spider:4 | Reached skill level 1 in Dodging
 13334 | Spider:4 | Got a gossamer rune of Zot
 13554 | Swamp:1  | Entered Level 1 of the Swamp
 13696 | Swamp:2  | Noticed Louise
 13848 | Swamp:4  | Entered Level 4 of the Swamp
 14074 | Swamp:4  | Noticed a thorn hunter
 14082 | Swamp:4  | Killed a thorn hunter
 14129 | Swamp:4  | Noticed the 27-headed Lernaean hydra
 14137 | Swamp:4  | Killed the 27-headed Lernaean hydra
 14141 | Swamp:4  | Noticed a thorn hunter
 14148 | Swamp:4  | Killed a thorn hunter
 14148 | Swamp:4  | Reached skill level 18 in Axes
 14213 | Swamp:4  | Got a decaying rune of Zot
 14552 | Swamp:2  | Killed Louise
 14970 | Slime:1  | Entered Level 1 of the Pits of Slime
 14970 | Slime:1  | Noticed an acid blob
 14980 | Slime:1  | Killed an acid blob
 15065 | Slime:5  | Entered Level 5 of the Pits of Slime
 15068 | Slime:5  | Noticed an acid blob
 15094 | Slime:5  | Killed an acid blob
 15094 | Slime:5  | Reached XP level 17. HP: 47/159 MP: 9/9
 15150 | Slime:5  | Noticed the Royal Jelly
 15156 | Slime:5  | Noticed an acid blob
 15156 | Slime:5  | Noticed an acid blob
 15156 | Slime:5  | Noticed an acid blob
 15158 | Slime:5  | Noticed an acid blob
 15161 | Slime:5  | Killed an acid blob
 15161 | Slime:5  | Killed an acid blob
 15166 | Slime:5  | Killed an acid blob
 15240 | Slime:5  | Found a viscous altar of Jiyva.
 15257 | Slime:5  | Killed an acid blob
 15258 | Slime:5  | Noticed an acid blob
 15260 | Slime:5  | Noticed an acid blob
 15260 | Slime:5  | Noticed an acid blob
 15265 | Slime:5  | Noticed an acid blob
 15270 | Slime:5  | Killed an acid blob
 15275 | Slime:5  | Killed an acid blob
 15279 | Slime:5  | Killed an acid blob
 15284 | Slime:5  | Killed an acid blob
 15286 | Slime:5  | Gained mutation: Your magical capacity is low. (-10% MP) [a
                  | shining eye]
 15294 | Slime:5  | Reached skill level 5 in Dodging
 15296 | Slime:5  | Noticed an acid blob
 15313 | Slime:5  | Noticed an acid blob
 15316 | Slime:5  | Noticed an acid blob
 15316 | Slime:5  | Noticed an acid blob
 15317 | Slime:5  | Killed an acid blob
 15319 | Slime:5  | Killed an acid blob
 15319 | Slime:5  | Noticed an acid blob
 15319 | Slime:5  | Killed an acid blob
 15323 | Slime:5  | HP: 12/243 [cloud of flame (1)]
 15324 | Slime:5  | Killed an acid blob
 15325 | Slime:5  | HP: 4/243 [azure jelly[the Royal Jelly] (2)]
 15325 | Slime:5  | Slain by an azure jelly

Illustrated notes

Levels and vault maps discovered:
D:1:      matt_arrival_refuge, layout_basic
D:2:      layout_rooms, grunt_decor_cap
D:3:      layout_basic
D:4:      layout_gridville, serial_bayou_lake_a, uniq_crazy_yiuf_cottage
D:5:      layout_basic, gammafunk_temple_overflow_elements,
          lemuel_crystal_altar, minmay_temple_entry_hall, serial_shops,
          kennysheep_mini, minmay_holes, grunt_ministairs_14
D:6:      layout_cave_pools, serial_co_window_serial, co_window_paths_b,
          co_window_of_opportunity_a, co_window_paths_a, co_window_corner_a,
          co_window_paths_a, co_window_broadway_a, co_window_cross_2,
          co_window_broadway_a, glass_columns_a, glass_columns_a,
          roderic_serpentine_path, uniq_blork_the_orc
D:7:      layout_loops_ring, serial_shops, nicolae_shop_crystal,
          elyvilon_altar_5
D:8:      layout_basic, minitemple
D:9:      layout_basic, marbit_many_paths, grunt_lair_entry_orc_guard_hut,
          minivault_1, dk_yredelemnul_ordeal
D:10:     layout_loops_corners, minmay_strange_pillars
D:11:     layout_loops_cross, serial_ice, serial_ice_d, serial_ice_h,
          serial_ice_m, serial_ice_n, serial_ice_f, serial_ice_g, serial_ice_k,
          serial_ice_o, serial_ice_a, serial_ice_e, serial_shops,
          nicolae_shop_crystal
D:12:     layout_small_grid, kennysheep_orc_monster_closet_entryway,
          serial_shops, nicolae_shop_trees, enter_bailey_3
Temple:   eino_temple_rhombus
Lair:1:   layout_hall_layers, uniq_maggie, uniq_nergalle
Lair:2:   layout_long_grid, uniq_gastronok
Lair:3:   layout_regular_city, swamp_mist, lemuel_centaur_altar,
          grunt_megastairs_5, lemuel_fruit_tree, uniq_fannar
Lair:4:   layout_hall_layers, spider_nest_entry_a
Lair:5:   layout_regular_city, minmay_lair_oklob_bushes, beast_lair_carwin_10,
          uniq_snorg, uniq_urug, uniq_rupert
Lair:6:   hangedman_lair_in_review, layout_regular_city, wormcave,
          minmay_slime_entry_eyes, infiniplex_staircase_pool,
          minmay_lair_oklob_chamber
Swamp:1:  layout_basic_swamp, hangedman_swamp_ruin_wall
Swamp:2:  layout_basic_swamp, evilmike_swamp_ruin_rubble_1, swamp_pool2,
          st_swamp_mini, uniq_nikola, uniq_frances, uniq_louise
Swamp:3:  layout_basic_swamp, evilmike_swamp_ruin_house_4,
          cheibrodos_swamp_minitomb
Swamp:4:  swamp_old_school, layout_basic_swamp, swamp_pool5,
          infiniplex_staircase_pool_2
Spider:1: layout_spider_delve, hive_lemuel
Spider:2: layout_spider_delve, drop_trap
Spider:3: layout_spider_delve, nicolae_spider_webbed_stairs
Spider:4: spider_rune_water, nicolae_crawler_farm
Slime:1:  layout_caves
Slime:2:  layout_caves, nicolae_slime_phagocytosis
Slime:3:  layout_caves, cheibrodos_slime_lost_civilization_4
Slime:4:  layout_caves
Slime:5

Skill      XL: |  1  2  3  4  5  6  7  8  9 10 11 12 13 14 15 16 17 |
---------------+----------------------------------------------------+-----
Axes           | 3 4 5 6 8 9 11 12 15 16 17 18 | 18.0
Fighting       | 3 4 5 6 7 8 9 10 11 12 | 12.6
Armour         | 4 5 6 7 8 9 10 11 12 | 12.8
Shields        | 4 5 6 7 8 9 10 11 12 | 12.8
Invocations    | 2 4 6 8 9 11 12 13 | 13.8
Evocations     | 5 8 |  8.7
Dodging        | 4 5 |  5.1

Action                   |  1- 3 |  4- 6 |  7- 9 | 10-12 | 13-15 | 16-18 || total
-------------------------+-------+-------+-------+-------+-------+-------++-------
Melee: War axe           |    70 |   148 |   416 |   599 |   703 |   484 ||  2420
Throw: Throwing net      |       |       |       |       |       |     1 ||     1
Invok: Lesser Servant of |       |       |       |     3 |     8 |    16 ||    27
       Greater Servant o |       |       |       |       |       |    12 ||    12
 Abil: Heal Wounds       |     2 |     5 |    17 |    11 |     1 |    62 ||    98
Evoke: Wand              |       |       |       |    12 |     4 |     6 ||    22
       Box of beasts     |       |       |       |       |       |     6 ||     6
       Phantom mirror    |       |       |       |       |       |     2 ||     2
  Use: Scroll            |       |       |    17 |     7 |     2 |    10 ||    36
       Potion            |       |       |       |     1 |     1 |    13 ||    15
 Stab: Distracted        |       |       |       |       |     3 |     9 ||    12
       Petrified         |       |       |       |       |     3 |       ||     3
       Paralysed         |       |       |       |       |       |    13 ||    13
Armor: Scale mail        |    33 |    54 |       |       |       |       ||    87
       Plate armour      |       |    19 |   282 |   308 |   288 |   368 ||  1265
Dodge: Dodged            |    18 |    42 |    75 |    91 |   116 |   226 ||   568
Block: Kite shield       |    40 |    90 |   287 |   389 |   425 |   361 ||  1592
       Buckler           |       |       |       |       |       |    40 ||    40

Table legend: (Time is in decaauts)
 A = Elapsed time spent in this place.
 B = Non-inter-level travel time spent in this place.
 C = Inter-level travel time spent in this place.
 D = Time resting spent in this place.
 E = Time spent auto-exploring this place.
 F = Levels seen in this place.
 G = Mean time per level.
                   A        B        C        D        E       F      G
               +--------+--------+--------+--------+--------+-----+--------+
         Total |  15263 |  13842 |   1421 |    528 |   9140 |  33 |  462.5 |
       Dungeon |   8869 |   8091 |    778 |      0 |   6002 |  12 |  739.1 |
        Temple |     64 |     38 |     26 |      0 |     36 |   1 |   64.0 |
          Lair |   4056 |   3771 |    285 |    300 |   2589 |   6 |  676.0 |
         Swamp |   1067 |    877 |    190 |    145 |    337 |   4 |  266.8 |
   Spider Nest |    539 |    426 |    113 |      0 |     46 |   4 |  134.8 |
    Slime Pits |    300 |    273 |     27 |     83 |      0 |   5 |   60.0 |
        Bailey |    364 |    364 |      0 |      0 |    129 |   1 |  364.0 |
               +--------+--------+--------+--------+--------+-----+--------+

Top non-repeatable levels by time:
  Lair:3: 1241 daAuts
     D:5: 1124 daAuts
     D:9: 1043 daAuts
     D:6: 1019 daAuts
     D:8: 923 daAuts
    D:12: 892 daAuts
    D:10: 881 daAuts
  Lair:5: 876 daAuts
     D:4: 863 daAuts
    D:11: 824 daAuts
     D:7: 797 daAuts
  Lair:6: 703 daAuts
 Swamp:4: 697 daAuts
  Lair:4: 642 daAuts
  Lair:2: 563 daAuts
